Map: Ultralove

Players

ManlyManMeat

  • Race: Zerg Zerg
  • League: Diamond
  • Spawn Location: 1:00

TroJan - Winner!

  • Race: Protoss Protoss
  • League: Master
  • Spawn Location: 7:00

VOD

Have the link to the VOD?

Description

Time

  • Played on: July 10, 2025, 1:47 p.m.
  • Length: 20:16
Show
View Real Time Build Order
Export as new Build Order

ManlyManMeat Zerg 

Build Orders: Hatch First 

Get SALT Encoding   

  12  0:00  Drone  
  13  0:07  Drone  
  14  0:14  Extractor  
  14  0:15  Drone  
  15  0:21  Overlord  
  15  0:41  Drone  
  16  0:47  Hatchery  
  15  0:50  Drone  
  15  0:54  Drone  
  17  0:58  Drone  
  18  1:09  Extractor  
  17  1:15  Spawning Pool  
  16  1:20  Drone x2  
  18  1:26  Drone  
  19  1:36  Drone  
  20  2:02  Queen x2  
  20  2:03  Zergling x4  
  20  2:07  Overlord  
  26  2:13  Metabolic Boost  
  26  2:23  Drone x2  
  28  2:37  Hatchery  
  27  2:42  Drone x2  
  29  2:45  Drone  
  29  2:49  Drone x2  
  32  2:52  Drone  
  33  2:59  Drone x2  
  35  3:13  Drone  
  36  3:37  Overlord x4  
  36  3:47  Lair  
  36  3:48  Queen  
  38  3:49  Drone x4  
  38  3:55  Extractor  
  39  4:16  Spore Crawler  
  37  4:17  Zergling x2  
  37  4:18  Zergling x10  
  37  4:19  Drone x2  
  37  4:20  Drone  
  37  4:22  Spore Crawler  
  44  4:29  Roach Warren  
  45  4:34  Drone x3  
  48  4:44  Evolution Chamber  
  50  4:45  Drone x4  
  50  4:49  Queen  
  51  5:00  Hatchery  
  48  5:13  Zergling x10  
  52  5:27  Overlord x4  
  52  5:34  Overlord x2  
  52  5:35  Baneling Nest, Zerg Melee Weapons Level 1, Overlord  
  51  5:37  Overseer  
  51  5:44  Drone x3, Extractor  
  53  5:51  Spore Crawler  
  53  5:53  Drone x4, Spore Crawler  
  53  5:54  Drone x3, Spore Crawler  
  53  5:55  Drone x2  
  61  6:11  Drone x5  
  61  6:18  Queen  
  66  6:28  Extractor  
  63  6:46  Glial Reconstitution  
  63  6:49  Drone  
  63  6:50  Drone x2  
  63  6:51  Drone x3  
  63  6:53  Drone x2, Extractor  
  63  6:54  Drone  
  71  6:55  Drone x3, Extractor  
  71  7:21  Drone x3  
  71  7:22  Drone  
  75  7:23  Drone x3  
  75  7:24  Drone x2  
  75  7:25  Drone x2  
  75  7:26  Drone x2  
  75  7:27  Zergling x8  
  75  7:28  Zergling x10  
  93  7:40  Centrifugal Hooks  
  93  7:41  Zerg Missile Weapons Level 1  
  93  7:45  Evolution Chamber  
  91  7:51  Drone x2  
  91  7:52  Drone  
  91  7:53  Roach x8  
  110  8:12  Hatchery  
  109  8:13  Hydralisk Den  
  109  8:14  Hatchery  
  109  8:16  Zerg Ground Armor Level 1  
  107  8:21  Drone x4, Overlord x3  
  107  8:22  Overlord x3  
  111  8:35  Baneling x3  
  111  8:36  Baneling x5  
  111  8:42  Hydralisk x11  
  133  8:56  Hydralisk x5  
  133  9:01  Grooved Spines  
  142  9:13  Overlord x4  
  142  9:21  Hydralisk x6  
  154  9:34  Hydralisk x5  
  154  9:36  Zergling x18  
  173  9:50  Hydralisk x5  
  183  9:54  Drone x3, Extractor  
  183  9:55  Drone x2, Extractor  
  183  9:56  Drone x3  
  189  10:02  Muscular Augments  
  173  10:22  Hydralisk  
  173  10:23  Hydralisk x8  
  173  10:24  Zergling x12  
  165  10:37  Hydralisk x6  
  165  10:38  Zergling x2  
  158  10:49  Zergling x20  
  134  11:04  Hydralisk x6  
  134  11:05  Zergling x4  
  146  11:16  Zergling x14  
  146  11:17  Zergling x2  
  145  11:27  Zerg Missile Weapons Level 2  
  145  11:28  Zerg Ground Armor Level 2  
  145  11:31  Hydralisk x2  
  143  12:04  Hydralisk x11  
  143  12:05  Zergling x18  
  143  12:06  Zergling x6  
  177  12:16  Hydralisk x5  
  177  12:17  Zergling x2  
  186  12:32  Spire  
  172  13:12  Baneling  
  168  13:20  Overseer  
  135  13:42  Hatchery  
  135  13:43  Hatchery  
  135  13:46  Corruptor x8  
  135  13:47  Corruptor x6  
  146  13:49  Zergling x2  
  146  13:50  Zergling x44  
  142  14:14  Hydralisk x7, Zergling x10  
  142  14:15  Zergling x10  
  120  14:28  Zergling x14  
  121  14:38  Zergling x8  
  123  14:50  Hydralisk Den  
  114  15:10  Hydralisk x4  
  114  15:11  Zergling x24  
  134  15:17  Drone x3  
  108  15:48  Hydralisk x11  
  108  15:49  Hydralisk x6  
  126  16:01  Drone x6  
  132  16:11  Hydralisk x6  
  137  16:29  Hydralisk x5  
  144  16:44  Hydralisk x8  
  144  16:45  Zergling x2  
  127  16:56  Zergling x18  
  117  17:07  Zergling x14  
  117  17:08  Zergling x2  
  107  17:20  Zergling x16  
  96  17:43  Zergling x2, Mutalisk x2  
  96  17:44  Zergling x8, Hydralisk x2  
  97  17:49  Drone x3  
  108  17:58  Hydralisk x2  
  112  18:12  Drone  
  111  18:26  Hatchery  
  81  18:46  Hydralisk x5, Zergling x2  
  81  18:47  Hydralisk x3, Zergling x8  
  86  18:55  Zergling x10  
  89  19:13  Hatchery  
  88  19:20  Hydralisk x7  
  88  19:21  Hydralisk  
  103  19:28  Hydralisk x2  
  103  19:29  Zergling x2  
  108  19:45  Hydralisk x5  
  110  19:58  Zergling x14  
  110  19:59  Zergling x2  
Show
View Real Time Build Order
Export as new Build Order

TroJan Protoss - Winner!

Build Orders:  

Get SALT Encoding   

  12  0:00  Probe  
  13  0:14  Probe  
  13  0:21  Pylon  
  14  0:32  Probe  
  15  0:40  Gateway  
  15  0:42  Assimilator  
  15  0:57  Probe  
  15  1:02  Gateway  
  16  1:07  Probe  
  17  1:15  Probe  
  17  1:24  Probe  
  19  1:36  Probe  
  19  1:37  Cybernetics Core  
  20  1:48  Probe  
  21  1:55  Nexus  
  21  2:09  Pylon  
  21  2:10  Assimilator  
  21  2:18  Adept  
  23  2:25  Warp Gate, Shield Battery  
  23  2:32  Adept  
  23  2:33  Probe  
  26  2:41  Probe  
  26  2:49  Probe  
  28  3:01  Probe  
  28  3:03  Stalker  
  29  3:09  Probe  
  29  3:10  Probe  
  31  3:17  Probe  
  31  3:18  Probe  
  35  3:27  Probe  
  35  3:29  Stargate  
  35  3:31  Twilight Council  
  36  3:37  Probe  
  37  3:41  Probe  
  37  3:45  Probe  
  37  3:48  Gateway  
  38  3:53  Probe  
  38  3:55  Probe  
  41  4:05  Probe  
  41  4:07  Probe  
  41  4:17  Probe  
  41  4:19  Adept x2  
  46  4:25  Probe  
  46  4:29  Probe  
  46  4:34  Pylon  
  46  4:36  Pylon, Charge  
  46  4:39  Pylon  
  46  4:52  Probe x2  
  48  4:57  Gateway  
  48  5:02  Gateway  
  48  5:04  Gateway, Probe  
  48  5:05  Gateway  
  49  5:13  Probe  
  48  5:16  Probe, Assimilator  
  48  5:18  Assimilator  
  51  5:22  Stargate  
  51  5:23  Void Ray  
  51  5:26  Robotics Facility  
  51  5:28  Robotics Facility  
  51  5:44  Sentry  
  51  5:46  Nexus  
  51  5:48  Pylon  
  53  6:08  Immortal x2  
  61  6:21  Stalker x3  
  61  6:22  Stalker x2  
  71  6:44  Probe  
  72  6:47  Immortal  
  76  6:56  Stalker  
  76  6:58  Immortal  
  76  7:01  Blink  
  82  7:03  Probe x3  
  82  7:06  Pylon x3  
  85  7:11  Probe x2  
  85  7:12  Probe  
  87  7:18  Sentry x2  
  87  7:20  Probe  
  87  7:21  Probe x2  
  92  7:23  Assimilator  
  92  7:26  Assimilator  
  92  7:29  Probe x2  
  95  7:31  Gateway x2  
  95  7:33  Probe  
  98  7:39  Immortal  
  102  7:54  Probe x3  
  102  7:57  Immortal  
  109  8:00  Robotics Bay  
  109  8:03  Forge  
  109  8:06  Probe x3  
  115  8:20  Pylon  
  115  8:25  Gateway  
  115  8:28  Immortal  
  115  8:31  Gateway  
  115  8:33  Pylon  
  116  8:38  Immortal  
  116  8:39  Pylon  
  116  8:40  Gateway  
  74  8:41  Extended Thermal Lance  
  120  8:42  Protoss Ground Weapons Level 1  
  120  8:57  Robotics Facility  
  120  8:59  Robotics Facility  
  120  9:02  Gateway  
  120  9:04  Gateway  
  120  9:06  Pylon  
  120  9:08  Pylon  
  120  9:10  Gateway  
  120  9:12  Forge  
  120  9:17  Forge  
  120  9:19  Sentry x3  
  120  9:20  Sentry  
  128  9:41  Immortal x2  
  128  9:44  Protoss Ground Armor Level 1  
  136  9:47  Forge  
  136  9:49  Templar Archives  
  136  9:53  Zealot x6  
  136  9:56  Probe  
  149  10:01  Pylon  
  149  10:05  Pylon  
  147  10:09  Pylon  
  143  10:17  Pylon  
  131  10:28  Zealot x6  
  123  10:29  Pylon, Zealot x4  
  123  10:30  Zealot x2  
  136  10:39  Zealot x2  
  92  10:50  Zealot x5  
  92  10:51  Colossus  
  92  11:07  High Templar x6  
  92  11:08  High Templar x2  
  92  11:11  Archon x3  
  104  11:12  Archon  
  104  11:14  Colossus  
  104  11:22  Nexus  
  104  11:25  Colossus  
  94  11:39  Zealot  
  102  11:40  Zealot x2  
  102  11:46  Colossus  
  106  12:04  Colossus  
  102  12:17  Assimilator  
  102  12:20  Colossus  
  103  12:43  Immortal, Probe x2  
  103  12:44  Immortal  
  111  12:45  Probe  
  114  12:51  Probe x2  
  116  13:22  Stalker  
  118  13:28  Pylon  
  118  13:30  Assimilator  
  118  13:36  Nexus  
  99  13:49  Protoss Ground Weapons Level 2  
  99  13:50  Protoss Ground Armor Level 2  
  99  13:51  Protoss Shields Level 1  
  99  13:56  Stalker x4  
  99  13:57  Stalker x4  
  83  14:34  Zealot x6  
  83  14:35  Colossus, Disruptor  
  109  14:44  Void Ray  
  93  15:05  High Templar x3  
  89  15:08  High Templar  
  89  15:13  Archon x2  
  91  15:15  Zealot x6  
  73  15:45  Zealot  
  73  15:46  Zealot x6  
  73  15:47  Zealot x3  
  88  16:08  Disruptor  
  88  16:09  Disruptor x2  
  88  16:10  Disruptor  
  104  16:28  Probe x3  
  107  16:44  Colossus  
  107  16:45  High Templar x3  
  107  16:46  Zealot  
  107  16:47  Zealot x3  
  95  17:09  Zealot x4  
  89  17:32  Archon  
  85  17:43  Probe x2  
  75  17:46  High Templar x3  
  75  17:47  High Templar  
  75  17:48  Zealot x3  
  75  17:49  Zealot x3  
  75  17:50  Archon x2  
  91  18:10  Zealot  
  92  18:22  Stalker x4  
  76  18:49  Zealot x5  
  86  19:23  High Templar x2  
  90  19:25  High Templar x2  
  90  19:28  Archon  
  90  19:29  Archon  
  92  19:46  Probe x2  
  92  19:47  Probe  
  95  19:54  Probe x2  
  95  19:55  Probe  
  94  20:12  Nexus  
Tags
 
Matchup
PvZ
Replay Pack
Myownreplay2
Spawn Locations
Cross Positions
Add a new tag
Caveats
  • Supply blocks, unpowered buildings, or Contaminate may cause inaccurate times.
  • Supply counts are checked every 10 seconds.